 Dungeon Crawl Stone Soup version 0.27-a0-1202-ge72e49191c (webtiles) character file.

Game seed: 10420519527023978192

2 27snakeeyes612 the Skirmisher (level 1, 0/21 HPs)
             Began as a Naga Fighter on June 4, 2021.
             Slain by a hobgoblin (4 damage)
             ... on level 1 of the Dungeon.
             The game lasted 00:00:04 (41 turns).

27snakeeyes612 the Skirmisher (Naga Fighter)          Turns: 41, Time: 00:00:05

Health: 0/21       AC:  3    Str: 18    XL:     1   Next: 30%
Magic:  1/1        EV:  5    Int:  8    God:
Gold:   0          SH:  8    Dex: 10    Spells: 0/0 levels left

rFire    . . .     SeeInvis +   a - +0 war axe
rCold    . . .     Faith    .   c - +0 kite shield
rNeg     . . .     Spirit   .   b - +0 scale mail
rPois    +         Reflect  .   (no helmet)
rElec    .         Harm     .   (no cloak)
rCorr    .         Rampage  .   (no gloves)
Will     .....                  (no barding)
Stlth    ..........             (no amulet)
HPRegen  0.07/turn              (no ring)
MPRegen  0.07/turn              (no ring)

@: very slow
A: AC +0, large, see invisible, deformed body, poison resistance, slowness 2,
spit poison 1, naga tail 1
a: Spit Poison


You were on level 1 of the Dungeon.
You visited 1 branch of the dungeon, and saw 1 of its levels.

Inventory:

Hand Weapons
 a - a +0 war axe (weapon)
Armour
 b - a +0 scale mail (worn)
 c - a +0 kite shield (worn)
Jewellery
 e - a ring of willpower
Potions
 d - a potion of might


   Skills:
 + Level 3.0 Fighting
 + Level 2.0 Axes
 + Level 2.4 Armour
 + Level 2.5 Shields


You couldn't memorise any spells.
You didn't know any spells.
Your spell library was empty.

Dungeon Overview and Level Annotations

Branches:
Dungeon (1/15)

Altars:


Innate Abilities, Weirdness & Mutations

Your serpentine skin is tough. (AC +0)
You have supernaturally acute eyesight. (SInv)
Armour fits poorly on your strangely shaped body.
Your system is resistant to poisons. (rPois)
You cover ground very slowly.
You can spit poison.
You have a snake-like lower body.


Message History

You block the frilled lizard's attack. You block the giant cockroach's attack.
The giant cockroach bites you.
The frilled lizard bites you but does no damage.
Your scale mail prevents you from hitting the giant cockroach.
The giant cockroach is severely wounded.
You closely miss the frilled lizard. You hit the giant cockroach.
You kill the giant cockroach!
The giant cockroach bites you. You block the frilled lizard's attack.
You block the giant cockroach's attack.
Unknown command.
You slash the frilled lizard!
You kill the frilled lizard!
You barely miss the giant cockroach. You block the giant cockroach's attack.
The giant cockroach bites you but does no damage.
The hobgoblin hits you.
You are too injured to fight recklessly!
Unknown command.
You are too injured to fight recklessly!
You closely miss the giant cockroach.
The giant cockroach is severely wounded.
You hit the hobgoblin but do no damage. The giant cockroach barely misses you.
You block the hobgoblin's attack.
The giant cockroach bites you but does no damage.
Unknown command.
You are too injured to fight recklessly!
A goblin comes into view. It is wielding a +0 club.
The goblin shouts!
The giant cockroach bites you. The hobgoblin barely misses you.
You block the hobgoblin's attack.
The giant cockroach bites you but does no damage.
Unknown command.
You are too injured to fight recklessly!
You block the hobgoblin's attack.
The giant cockroach bites you but does no damage.
The hobgoblin hits you.
* * * LOW HITPOINT WARNING * * *
The giant cockroach bites you.
* * * LOW HITPOINT WARNING * * *
The hobgoblin hits you.
You die...

..... .... ##...# #
#.... .##. #[..## .
....###.... ..
#....#...# . #.
#..g.g@# ...
#...#.##Bg##.# # ..
.. ###.....##.##
....#.#...........
.##......##..#..#
#..........#..#.##
..#..#........#.#
#.............#
#...###..##....###..


You could see a giant cockroach, 2 hobgoblins and a goblin.

Vanquished Creatures
  A giant cockroach (D:1)
  A frilled lizard (D:1)
2 creatures vanquished.

Notes
Turn   | Place    | Note
-------+----------+-------------------------------------------
     0 | D:1      | 27snakeeyes612 the Naga Fighter began the quest for the
                  | Orb.
     0 | D:1      | Reached XP level 1. HP: 21/21 MP: 1/1
    41 | D:1      | Slain by a hobgoblin

Illustrated notes

Levels and vault maps discovered:
D:1:      amcnicky_arrival_flooded_fountain, layout_rooms, serial_shops,
          nicolae_shop_window_shopping, minivault_26, st_stairs_10,
          minmay_box_of_dots

Action                   || total
-------------------------++-------
Melee: War axe           ||    11
Armor: Scale mail        ||    12
Dodge: Dodged            ||     3
Block: Kite shield       ||    20

Table legend: (Time is in decaauts)
 A = Elapsed time spent in this place.
 B = Non-inter-level travel time spent in this place.
 C = Inter-level travel time spent in this place.
 D = Time resting spent in this place.
 E = Time spent auto-exploring this place.
 F = Levels seen in this place.
 G = Mean time per level.
                   A        B        C        D        E       F      G
               +--------+--------+--------+--------+--------+-----+--------+
         Total |     59 |     59 |      0 |      0 |     34 |   1 |   59.0 |
       Dungeon |     59 |     59 |      0 |      0 |     34 |   1 |   59.0 |
               +--------+--------+--------+--------+--------+-----+--------+

Top non-repeatable levels by time:
     D:1: 59 daAuts
